 Dungeon Crawl Stone Soup version 0.24.1-4-ge52af88ad5 (webtiles) character file.

Game seed: 15998650323322440348, levelgen mode: deterministic

9920 Amplified the Protected (level 11, -8/129 HPs)
             Began as a Human Wanderer on Apr 18, 2020.
             Was a Priest of Trog.
             Mangled by a +2 war axe of chaos (13 damage)
             ... on level 7 of the Dungeon.
             The game lasted 00:19:04 (11333 turns).

Amplified the Protected (Human Wanderer)           Turns: 11333, Time: 00:19:05

Health: -8/129     AC:  9    Str: 21    XL:     11   Next: 83%
Magic:  24/24      EV: 11    Int: 12    God:    Trog [***...]
Gold:   459        SH:  6    Dex: 13    Spells: 16/16 levels left

rFire    . . .     SeeInvis .   m - +0 morningstar
rCold    x . .     Gourm    .   j - +0 buckler
rNeg     + + +     Faith    +   w - +3 leather armour of Shadows and Fog {rC- rN++ Regen+ MP+9}
rPois    +         Spirit   .   x - +0 helmet
rElec    .         Reflect  .   (no cloak)
rCorr    .         Harm     .   d - +0 pair of gloves of Pride {+Fly rPois rN+ Stlth+} (curse)
MR       ++...                  (no boots)
Stlth    ..........             r - amulet of faith
HPRegen  1.71/turn              (no ring)
MPRegen  0.19/turn              v - ring of positive energy

@: berserking (expiring), lethally poisoned (-8 -> -9), regenerating, very quick
A: no striking features
a: Berserk, Trog's Hand, Renounce Religion, Evoke Flight


You were on level 7 of the Dungeon.
You worshipped Trog.
Trog was most pleased with you.
You were not hungry.

You visited 1 branch of the dungeon, and saw 12 of its levels.

You collected 522 gold pieces.
You spent 63 gold pieces at shops.

Inventory:

Hand Weapons
 k - a +1 hunting sling of freezing
 m - a +0 morningstar (weapon)
Missiles
 b - 14 sling bullets
 c - 21 poisoned darts (quivered)
 h - 197 stones
 y - 8 atropa-tipped darts
Armour
 d - the cursed +0 pair of gloves of Pride (worn) {+Fly rPois rN+ Stlth+}
   (You found it on level 12 of the Dungeon)

   It protects you from poison.
   It protects you from negative energy.
   It lets you fly.
   It makes you more stealthy.
   It has a curse placed upon it.
 g - a +1 ring mail of fire resistance
 j - a +0 buckler (worn)
 q - +0 acid dragon scales
 w - the +3 leather armour of Shadows and Fog (worn) {rC- rN++ Regen+ MP+9}
   (You found it on level 8 of the Dungeon)

   It makes you vulnerable to cold.
   It greatly protects you from negative energy.
   It affects your magic capacity (+9).
   It increases your rate of regeneration.
 x - a +0 helmet (worn)
Jewellery
 r - an amulet of faith (around neck)
 v - a ring of positive energy (right hand)
Wands
 l - a wand of digging (3)
 o - a wand of flame (16)
Scrolls
 a - 2 scrolls of identify
 e - 6 scrolls of remove curse
 n - 4 scrolls of teleportation
 t - a scroll of enchant weapon
 u - a scroll of summoning
 z - 3 scrolls of immolation
Potions
 i - 3 potions of brilliance
 p - 2 potions of flight
 s - 2 potions of agility
 A - a potion of magic
 B - a potion of curing
Comestibles
 f - a ration


   Skills:
 * Level 8.0 Fighting
   Level 1.5 Short Blades
   Level 2.0(5.2) Axes
 * Level 7.6(7.7) Maces & Flails
 * Level 7.8(7.9) Slings
 - Level 1.0(4.9) Throwing
 * Level 8.2 Armour
 * Level 7.9 Shields
 - Level 3.0 Spellcasting
   Level 2.0 Poison Magic
 - Level 1.0 Evocations


You had 16 spell levels left.
You didn't know any spells.
Your spell library contained the following spells:

 Spells                   Type           Power        Failure   Level  Hunger
 Animate Skeleton         Necr           N/A          26%         1    #......
 Confusing Touch          Hex            #.....       26%         1    #......
 Magic Dart               Conj           #...         26%         1    #......
 Pain                     Necr           #...         26%         1    #......
 Blink                    Tloc           N/A          38%         2    ###....
 Call Imp                 Summ           #.......     38%         2    ###....
 Slow                     Hex            #.......     38%         2    ###....
 Mephitic Cloud           Conj/Pois/Air  #.......     54%         3    ###....
 Confuse                  Hex            #.......     63%         3    ###....
 Conjure Flame            Conj/Fire      #.......     63%         3    ###....
 Gell's Gravitas          Tloc           #.........   63%         3    ###....
 Regeneration             Chrm/Necr      #.........   63%         3    ###....
 Vampiric Draining        Necr           #.........   63%         3    ###....
 Animate Dead             Necr           N/A          95%         4    #####..
 Petrify                  Tmut/Erth      #.......     95%         4    #####..
 Metabolic Englaciation   Hex/Ice        #.........   100%        5    ######.
 Yara's Violent Unravell  Hex/Tmut       #.........   100%        5    ######.


Dungeon Overview and Level Annotations

Branches:
Dungeon (12/15)            Temple (0/1) D:4            Lair (0/6) D:9
    Orc: D:9-12

Altars:
Cheibriados
Dithmenos
Elyvilon
Makhleb
Okawaru
Ru
Trog
Xom
Yredelemnul

Shops:
D:4 [   D:7 !   D:12 [

Annotations:
D:5 Eustachio
D:9 Erica; Joseph
D:10 Double blink with curing for board., exclusion: 4 orange crystal statues


Message History

* * * LOW HITPOINT WARNING * * *
The +2 war axe of chaos burns you.
* * * LOW HITPOINT WARNING * * *
You closely miss the +2 war axe of chaos.
The +2 war axe of chaos is heavily damaged.
You feel sick.
The +2 war axe of chaos closely misses you.
You miss the +2 war axe of chaos.
The +2 war axe of chaos is heavily damaged.
You feel sick. The +2 war axe of chaos hits you!
* * * LOW HITPOINT WARNING * * *
The +2 war axe of chaos freezes you.
* * * LOW HITPOINT WARNING * * *
You miss the +2 war axe of chaos.
The +2 war axe of chaos is heavily damaged.
The +2 war axe of chaos barely misses you.
You closely miss the +2 war axe of chaos.
The +2 war axe of chaos is heavily damaged.
You feel sick. The +2 war axe of chaos hits you!
You die...

##.## #.#....(....##.####
#.###### #.########.######.#
#.#....# #.##.......# #.#
#.#.##.# #.##)####### #.#
#.#.##.## #.#.....# #.#
#.#.#...###.#..##.#########.#
#...........#)..............#
###.#...###.#(..#.###########
#.##.####.#@....#
#.##..........###
######.############# .......#
########


You could see a +2 war axe of chaos.

Vanquished Creatures
  A two-headed ogre (D:12)
  The ghost of viiviliisa the Protected, a novice MiFi of Makhleb (D:7)
  2 kobold demonologists (D:12)
  3 hippogriffs
  A shadow (D:12)
  A hungry ghost (D:10)
  Menkaure (D:5)
  17 yaks
  A warg (D:9)
  An acid dragon (D:11)
  Duvessa (D:7)
  3 sky beasts
  6 ice beasts
  2 necrophages
  5 ogres
  A phantom (D:6)
  An eye of draining (D:12)
  4 centaurs
  A crocodile (D:10)
  3 big kobolds
  2 bullfrogs (D:7)
  Blork the orc (D:5)
  A gnoll sergeant (D:7)
  Dowan (D:7)
  5 scorpions
  6 killer bees
  4 wights (D:10)
  A howler monkey (D:6)
  6 crimson imps
  3 bullfrog zombies
  4 hounds
  A bullfrog skeleton (D:5)
  A jelly (D:7)
  5 orc priests
  Jessica (D:3)
  Ijyb (D:3)
  2 iguanas
  4 orc wizards
  8 worker ants
  2 hound zombies
  3 gnolls (D:7)
  A howler monkey skeleton (D:7)
  15 adders
  A shadow imp (D:8)
  An ooze (D:3)
  2 adder zombies
  An adder skeleton (D:5)
  5 worms
  6 leopard geckos
  29 orcs
  A ball python (D:1)
  5 giant cockroaches
  4 hobgoblins
  10 jackals
  5 quokkas
  12 bats
  2 frilled lizards
  8 goblins
  A jackal zombie (D:5)
  9 kobolds
  A leopard gecko skeleton (D:4)
  A quokka zombie (D:5)
  10 rats
248 creatures vanquished.

Notes
Turn   | Place    | Note
-------+----------+-------------------------------------------
     0 | D:1      | Amplified the Human Wanderer began the quest for the Orb.
     0 | D:1      | Amplified set off with the following items: a +0 dagger, a
                  | potion of curing, 10 poisoned darts, a +2 scale mail, a
                  | ration
     0 | D:1      | Reached XP level 1. HP: 13/13 MP: 4/4
   418 | D:1      | Reached XP level 2. HP: 13/20 MP: 6/6
   701 | D:1      | Reached skill level 1 in Fighting
   701 | D:1      | Reached skill level 1 in Short Blades
   939 | D:1      | Reached XP level 3. HP: 19/26 MP: 7/7
  1594 | D:2      | Found a white marble altar of Elyvilon.
  2394 | D:3      | Reached XP level 4. HP: 28/33 MP: 8/8
  2427 | D:3      | Reached skill level 1 in Shields
  2436 | D:3      | Reached skill level 1 in Slings
  2475 | D:3      | Reached XP level 5. HP: 38/38 MP: 9/9
  2647 | D:3      | Noticed Jessica
  2655 | D:3      | Killed Jessica
  2699 | D:3      | Reached XP level 6. HP: 45/46 MP: 10/10
  2724 | D:3      | Noticed Ijyb
  2757 | D:3      | Killed Ijyb
  2814 | D:3      | Found a sacrificial altar of Ru.
  2837 | D:3      | Found a bloodstained altar of Trog.
  3166 | D:3      | Became a worshipper of Trog the Wrathful
  3404 | D:3      | Reached skill level 1 in Maces & Flails
  3440 | D:3      | Found an iron altar of Okawaru.
  3675 | D:4      | Found Lizovot's Armour Shoppe.
  3682 | D:4      | Bought a +0 pair of gloves for 63 gold pieces
  4179 | D:4      | Found a staircase to the Ecumenical Temple.
  4270 | D:4      | Found a basalt altar of Yredelemnul.
  4272 | D:4      | Found a burning altar of Makhleb.
  4285 | D:4      | Reached XP level 7. HP: 39/52 MP: 11/11
  4558 | D:5      | Entered Level 5 of the Dungeon
  4558 | D:5      | Found a shimmering altar of Xom.
  4558 | D:5      | Noticed Menkaure
  4561 | D:5      | Killed Menkaure
  4574 | D:5      | Reached * piety under Trog
  4753 | D:5      | Noticed Blork the orc
  4758 | D:5      | Killed Blork the orc
  4803 | D:5      | Reached XP level 8. HP: 28/59 MP: 12/12
  5048 | D:5      | Found a shadowy altar of Dithmenos.
  5220 | D:5      | Noticed Eustachio
  5260 | D:5      | HP: 1/60 [white imp/puff of frost[Eustachio] (13)]
  6555 | D:7      | Reached ** piety under Trog
  6618 | D:7      | Reached XP level 9. HP: 54/66 MP: 13/13
  6692 | D:7      | Found a runed translucent door.
  6692 | D:7      | Found a shimmering altar of Xom.
  6692 | D:7      | Noticed viiviliisa's ghost (novice MiFi)
  6692 | D:7      | Noticed a +2 war axe of chaos
  6716 | D:7      | Reached skill level 5 in Armour
  6767 | D:7      | Noticed a hippogriff
  6783 | D:7      | Killed a hippogriff
  6783 | D:7      | Reached skill level 5 in Fighting
  6875 | D:7      | Found a snail-covered altar of Cheibriados.
  7134 | D:7      | Reached skill level 5 in Slings
  7134 | D:7      | Reached skill level 5 in Shields
  7240 | D:7      | Noticed Dowan
  7259 | D:7      | Killed Dowan
  7270 | D:7      | Noticed Duvessa
  7276 | D:7      | Killed Duvessa
  7442 | D:7      | Found Nukisim's Distillery.
  7612 | D:8      | Got a scorched leather armour
  7614 | D:8      | Identified the +3 leather armour of Shadows and Fog {rC-
                  | rN++ Regen+ MP+9} (You found it on level 8 of the Dungeon)
  7746 | D:8      | Reached skill level 5 in Maces & Flails
  7860 | D:8      | Noticed a hippogriff
  7889 | D:8      | Reached XP level 10. HP: 54/76 MP: 14/14
  8376 | D:9      | Reached *** piety under Trog
  8390 | D:9      | Noticed Erica
  8476 | D:10     | Entered Level 10 of the Dungeon
  9063 | D:10     | Found a runed translucent door.
  9096 | D:10     | Found the +10 large shield of Ignorance {rN+ Int-4}
  9101 | D:10     | Found a runed translucent door.
  9106 | D:10     | Noticed an orange crystal statue
  9176 | D:10     | Reached XP level 11. HP: 77/84 MP: 15/15
  9213 | D:10     | Received a gift from Trog
  9474 | D:10     | Noticed an orange crystal statue
  9474 | D:10     | Noticed an orange crystal statue
  9474 | D:10     | Noticed an orange crystal statue
  9591 | D:12     | Noticed a two-headed ogre
  9605 | D:12     | Killed a two-headed ogre
  9654 | D:12     | Found Nuthogew's Armour Shoppe.
 10336 | D:12     | Got a pair of pitted gloves
 10337 | D:12     | Identified the cursed +0 pair of gloves of Pride {+Fly
                  | rPois rN+ Stlth+} (You found it on level 12 of the Dungeon)
 10752 | D:9      | Noticed Joseph
 10757 | D:9      | Reached **** piety under Trog
 10903 | D:9      | Found a staircase to the Lair.
 11266 | D:7      | Killed viiviliisa's ghost
 11331 | D:7      | HP: 4/129 [+2 war axe of chaos (9)]
 11333 | D:7      | Mangled by a +2 war axe of chaos

Levels and vault maps discovered:
D:1:      dpeg_arrival_connections, layout_loops_ring, minmay_tromino_v7
D:2:      layout_basic, first_ration, kennysheep_flooded_box
D:3:      layout_basic, lemuel_round_altar, lemuel_doored_altar,
          kennysheep_okawaru_gauntlet, uniq_jessica, uniq_ijyb
D:4:      minmay_inner_zag, layout_basic,
          chequers_temple_overflow_statue_of_worship,
          minmay_temple_entry_statues_pillars, serial_shops, shop
D:5:      layout_rooms, kennysheep_mini, xom_teletrap_fun, uniq_blork_the_orc,
          uniq_menkaure, uniq_eustachio
D:6:      layout_basic
D:7:      layout_loops_ring, cheibriados_altar_1, serial_shops, shop,
          ebering_ghost_xom, uniq_duvessa
D:8:      layout_rooms
D:9:      layout_roguey, dpeg_oklobed_lair, erik_orc_4, basic_altar,
          david_nohive_1, hangedman_decor_peaks_small, minmay_misc_feat_plants,
          minmay_misc_feat_cross, uniq_joseph, uniq_erica
D:10:     layout_loops_ring, chequers_guarded_unrand_ignorance
D:11:     minmay_the_grid_triangle_9x9_rhombus_full
          [minmay_the_grid_triangle_9x9_sparse_checkered,
          minmay_the_grid_triangle_9x9_thin_v,
          minmay_the_grid_triangle_9x9_tough_junction,
          minmay_the_grid_triangle_9x9_shrine,
          minmay_the_grid_triangle_9x9_steps,
          minmay_the_grid_triangle_9x9_intruding_spiral,
          minmay_the_grid_triangle_9x9_swiss_cheese,
          minmay_the_grid_triangle_9x9_prize_special], layout_layer_cave,
          st_stairs_4, uniq_gastronok
D:12:     layout_loops_corners, serial_shops, nicolae_shop_waterfront

Skill      XL: |  1  2  3  4  5  6  7  8  9 10 11 |
---------------+----------------------------------+-----
Fighting       | 1 2 3 4 5 7 8 |  8.0
Short Blades   | 1 |  1.5
Armour         | 2 3 4 6 7 8 |  8.2
Shields        | 1 2 3 4 5 6 7 |  7.9
Slings         | 1 2 3 4 5 6 7 |  7.8
Maces & Flails | 1 2 3 5 6 7 |  7.6
Axes           | |  2.0
Throwing       | |  1.0
Spellcasting   | |  3.0
Poison Magic   | |  2.0
Evocations     | |  1.0

Action                   |  1- 3 |  4- 6 |  7- 9 | 10-12 || total
-------------------------+-------+-------+-------+-------++-------
Melee: Dagger            |   220 |       |       |       ||   220
       Morningstar       |       |       |    31 |   404 ||   435
       Hunting sling     |       |       |       |     8 ||     8
 Fire: Hunting sling     |     7 |   222 |   428 |   162 ||   819
Throw: Dart              |    15 |     2 |       |       ||    17
       Throwing net      |       |       |       |     1 ||     1
Invok: Berserk           |       |       |     3 |    13 ||    16
       Trog's Hand       |       |       |       |     6 ||     6
Evoke: Wand              |       |       |    12 |     3 ||    15
  Use: Potion            |     4 |       |     6 |     4 ||    14
       Scroll            |     6 |     3 |     8 |     9 ||    26
  Eat: Chunk             |     3 |     1 |     6 |    16 ||    26
       Ration            |     1 |     1 |     2 |     5 ||     9
Armor: Scale mail        |   125 |    54 |       |       ||   179
       Ring mail         |       |     5 |   108 |       ||   113
       Leather armour    |       |       |    18 |   164 ||   182
       Skin              |       |       |       |    10 ||    10
Dodge: Dodged            |    93 |    49 |   109 |   256 ||   507
Block: Buckler           |     6 |    19 |    70 |   128 ||   223
